MWL (24 & UNDER)
MANHATTEN MEATHEADS @ COLUMBIA 08S
07/10/2026
 
TOP OF THE 1ST
Manhatten Meatheads batting - Pitching for Columbia 08s : RHP Ignacio Medina
Pitching: RHP Ignacio Medina
Batting: SHB Cornell Payne 0-0: Called Strike
0-1: Reached on error, E5 (Groundball, 5)
Batting: RHB Denver Baker 0-0: Ball
1-0: Ball
2-0: Called Strike
2-1: Grounds into double play, 6-4-3 (Groundball, 6)
Batting: SHB José Sousa 0-0: Called Strike
0-1: Foul Ball, location: 2F
0-2: Ball
1-2: Strikes out swinging
Top of the 1st over - 0 run(s), 0 hit(s), 1 error(s), 0 left on base; Manhatten 0 - Columbia 0
BOTTOM OF THE 1ST
Columbia 08s batting - Pitching for Manhatten Meatheads : RHP Tom Cunningham
Pitching: RHP Tom Cunningham
Batting: LHB Francisco Gonzáles 0-0: Ball
1-0: Ground out 6-3 (Groundball, 6)
Batting: RHB Carlos López 0-0: Called Strike
0-1: Ball
1-1: Foul Ball, location: 2F
1-2: Ground out 4-3 (Groundball, 4M)
Batting: RHB Casey Fox 0-0: Ball
1-0: Fly out, F6 (Line Drive, 6)
Bottom of the 1st over - 0 run(s), 0 hit(s), 0 error(s), 0 left on base; Manhatten 0 - Columbia 0
TOP OF THE 2ND
Manhatten Meatheads batting - Pitching for Columbia 08s : RHP Ignacio Medina
Batting: RHB Claudio Gonzáles 0-0: Ball
1-0: Ground out 5-3 (Groundball, 56S)
Batting: RHB Lúcio Sánchez 0-0: Foul Ball, location: 2F
0-1: Foul Ball, location: 2F
0-2: Ball
1-2: Ball
2-2: Strikes out swinging
Batting: RHB Adrián López 0-0: Called Strike
0-1: Ball
1-1: Ball
2-1: Ball
3-1: Swinging Strike
3-2: Foul Ball, location: 2F
3-2: Strikes out looking
Top of the 2nd over - 0 run(s), 0 hit(s), 0 error(s), 0 left on base; Manhatten 0 - Columbia 0
BOTTOM OF THE 2ND
Columbia 08s batting - Pitching for Manhatten Meatheads : RHP Tom Cunningham
Batting: RHB Chris Burrell 0-0: Ball
1-0: Ball
2-0: Called Strike
2-1: Ball
3-1: Foul Ball, location: 2F
3-2: Foul Ball, location: 2F
3-2: Foul Ball, location: 2F
3-2: Base on Balls
Batting: RHB Ben Barker 0-0: 2-RUN HOME RUN (Flyball, 7LD), Distance : 363 ft
Batting: RHB Tom Hicks 0-0: Called Strike
0-1: Foul Ball, location: 2F
0-2: Foul Ball, location: 2F
0-2: Foul Ball, location: 2F
0-2: Ball
1-2: Ball
2-2: Ground out 4-3 (Groundball, 34)
Batting: RHB Martín Pérez 0-0: Swinging Strike
0-1: Ball
1-1: Ball
2-1: SINGLE (Groundball, 34D)
Batting: RHB Bernardo Corona 0-0: Ball
1-0: Fly out, F2 (Popup, 2R)
Batting: RHB Pedro López 0-0: Fielders Choice at 2nd, U4 (Groundball, 4M)
Bottom of the 2nd over - 2 run(s), 2 hit(s), 0 error(s), 1 left on base; Manhatten 0 - Columbia 2
TOP OF THE 3RD
Manhatten Meatheads batting - Pitching for Columbia 08s : RHP Ignacio Medina
Batting: LHB Robbie Turner 0-0: Called Strike
0-1: Fly out, F7 (Flyball, 78S)
Batting: RHB José Esparza 0-0: Bunt missed!
0-1: Ball
1-1: Foul Ball, location: 2F
1-2: Ball
2-2: Fly out, F6 (Line Drive, 6)
Batting: RHB Santiago Díaz 0-0: Fly out, F5 (Popup, 25F)
Top of the 3rd over - 0 run(s), 0 hit(s), 0 error(s), 0 left on base; Manhatten 0 - Columbia 2
BOTTOM OF THE 3RD
Columbia 08s batting - Pitching for Manhatten Meatheads : RHP Tom Cunningham
Batting: LHB Francisco Gonzáles 0-0: Ball
1-0: Ball
2-0: Called Strike
2-1: Ball
3-1: Base on Balls
Batting: RHB Carlos López 0-0: Ball
Wild Pitch!
Francisco Gonzáles to second
1-0: Foul Ball, location: 2F
1-1: Ball
2-1: Foul Ball, location: 2F
2-2: SINGLE (Line Drive, 89S)
Francisco Gonzáles to third
Runner from 3rd tries for Home, SAFE, no throw or cutoff
Batting: RHB Casey Fox 0-0: Ball
1-0: Called Strike
1-1: Ball
2-1: Ball
3-1: Called Strike
3-2: Strikes out swinging
Batting: RHB Chris Burrell 0-0: Ball
1-0: Ball
2-0: Ball
3-0: Called Strike
3-1: Fly out, F9 (Flyball, 9S)
Batting: RHB Ben Barker 0-0: Ball
1-0: Ball
2-0: Called Strike
2-1: Foul Ball, location: 2F
2-2: Ball
3-2: Foul Ball, location: 2F
3-2: Ground out 6-3 (Groundball, 6)
Bottom of the 3rd over - 1 run(s), 1 hit(s), 0 error(s), 1 left on base; Manhatten 0 - Columbia 3
TOP OF THE 4TH
Manhatten Meatheads batting - Pitching for Columbia 08s : RHP Ignacio Medina
Batting: SHB Cornell Payne 0-0: Foul Ball, location: 2F
0-1: Swinging Strike
0-2: Ball
1-2: Ground out 3-1 (Groundball, 34)
Batting: RHB Denver Baker 0-0: Ball
1-0: Swinging Strike
1-1: Swinging Strike
1-2: Strikes out swinging
Batting: SHB José Sousa 0-0: Foul Ball, location: 2F
0-1: Foul Ball, location: 2F
0-2: Foul Ball, location: 2F
0-2: Foul Ball, location: 2F
0-2: Ground out 4-3 (Groundball, 4)
Top of the 4th over - 0 run(s), 0 hit(s), 0 error(s), 0 left on base; Manhatten 0 - Columbia 3
BOTTOM OF THE 4TH
Columbia 08s batting - Pitching for Manhatten Meatheads : RHP Tom Cunningham
Batting: RHB Tom Hicks 0-0: Ball
1-0: Ground out 6-3 (Groundball, 6M)
Batting: RHB Martín Pérez 0-0: Called Strike
0-1: Ball
1-1: Ball
2-1: Ground out 4-3 (Groundball, 4M)
Batting: RHB Bernardo Corona 0-0: Called Strike
0-1: Foul Ball, location: 2F
0-2: Ball
1-2: Strikes out swinging
Bottom of the 4th over - 0 run(s), 0 hit(s), 0 error(s), 0 left on base; Manhatten 0 - Columbia 3
TOP OF THE 5TH
Manhatten Meatheads batting - Pitching for Columbia 08s : RHP Ignacio Medina
Batting: RHB Claudio Gonzáles 0-0: Ball
1-0: Ground out 6-3 (Groundball, 6M)
Batting: RHB Lúcio Sánchez 0-0: Called Strike
0-1: Foul Ball, location: 2F
0-2: Foul Ball, location: 2F
0-2: Strikes out swinging
Batting: RHB Adrián López 0-0: Called Strike
0-1: Fly out, F7 (Flyball, 7S)
Top of the 5th over - 0 run(s), 0 hit(s), 0 error(s), 0 left on base; Manhatten 0 - Columbia 3
BOTTOM OF THE 5TH
Columbia 08s batting - Pitching for Manhatten Meatheads : RHP Tom Cunningham
Batting: RHB Pedro López 0-0: Ball
1-0: Swinging Strike
1-1: Ground out 4-3 (Groundball, 4)
Batting: LHB Francisco Gonzáles 0-0: Foul Ball, location: 2F
0-1: Ball
1-1: Ball
2-1: Fly out, F8 (Flyball, 8RXD)
Batting: RHB Carlos López 0-0: Swinging Strike
0-1: Ball
1-1: Ball
2-1: Ball
3-1: Foul Ball, location: 2F
3-2: Foul Ball, location: 2F
3-2: Foul Ball, location: 2F
3-2: Base on Balls
Batting: RHB Casey Fox 0-0: Ground out 6-3 (Groundball, 6)
Bottom of the 5th over - 0 run(s), 0 hit(s), 0 error(s), 1 left on base; Manhatten 0 - Columbia 3
TOP OF THE 6TH
Manhatten Meatheads batting - Pitching for Columbia 08s : RHP Ignacio Medina
Batting: LHB Robbie Turner 0-0: Ball
1-0: Ball
2-0: Swinging Strike
2-1: Ball
3-1: Called Strike
3-2: Strikes out looking
Batting: RHB José Esparza 0-0: Bunted foul
0-1: Ball
1-1: Foul Ball, location: 2F
1-2: Fly out, F6 (Popup, 6)
Batting: RHB Santiago Díaz 0-0: Foul Ball, location: 2F
0-1: Ball
1-1: Ball
2-1: Ball
3-1: Called Strike
3-2: Strikes out swinging
Top of the 6th over - 0 run(s), 0 hit(s), 0 error(s), 0 left on base; Manhatten 0 - Columbia 3
BOTTOM OF THE 6TH
Columbia 08s batting - Pitching for Manhatten Meatheads : RHP Tom Cunningham
Pitching: LHP Donald Joseph
Batting: RHB Chris Burrell 0-0: Fly out, F9 (Flyball, 89D)
Batting: RHB Ben Barker 0-0: Ball
1-0: Foul Ball, location: 2F
1-1: Called Strike
1-2: Ball
2-2: Reached on error, E5 (Groundball, 56S)
Batting: RHB Tom Hicks 0-0: Ball
1-0: Called Strike
1-1: Ball
2-1: Fielders Choice at 2nd, 5-4 (Groundball, 56)
Batting: RHB Martín Pérez 0-0: Swinging Strike
0-1: Called Strike
0-2: Ground out 4-3 (Groundball, 4)
Bottom of the 6th over - 0 run(s), 0 hit(s), 1 error(s), 1 left on base; Manhatten 0 - Columbia 3
TOP OF THE 7TH
Manhatten Meatheads batting - Pitching for Columbia 08s : RHP Ignacio Medina
Batting: SHB Cornell Payne 0-0: Ball
1-0: Ball
2-0: Called Strike
2-1: Called Strike
2-2: Strikes out swinging
Batting: RHB Denver Baker 0-0: Foul Ball, location: 2F
0-1: Ball
1-1: Ball
2-1: Ball
3-1: Base on Balls
Batting: SHB José Sousa 0-0: Ball
1-0: Ball
2-0: Foul Ball, location: 2F
2-1: Fly out, F8 (Flyball, 8RM)
Batting: RHB Claudio Gonzáles 0-0: Ball
1-0: Called Strike
1-1: Ball
2-1: Foul Ball, location: 2F
2-2: Foul Ball, location: 2F
2-2: Strikes out swinging
Top of the 7th over - 0 run(s), 0 hit(s), 0 error(s), 1 left on base; Manhatten 0 - Columbia 3
BOTTOM OF THE 7TH
Columbia 08s batting - Pitching for Manhatten Meatheads : LHP Donald Joseph
Batting: RHB Bernardo Corona 0-0: Fly out, F8 (Flyball, 8RXD)
Now in CF: Craig Chapman
Batting: RHB Pedro López 0-0: Called Strike
0-1: Ball
1-1: Ground out 3-1 (Groundball, 34)
Batting: LHB Francisco Gonzáles 0-0: Called Strike
0-1: Foul Ball, location: 2F
0-2: Ball
1-2: Ball
2-2: Ball
3-2: Strikes out looking
Bottom of the 7th over - 0 run(s), 0 hit(s), 0 error(s), 0 left on base; Manhatten 0 - Columbia 3
TOP OF THE 8TH
Manhatten Meatheads batting - Pitching for Columbia 08s : RHP Ignacio Medina
Batting: RHB Lúcio Sánchez 0-0: Swinging Strike
0-1: Foul Ball, location: 2F
0-2: Strikes out looking
Batting: RHB Adrián López 0-0: Called Strike
0-1: Foul Ball, location: 2F
0-2: Ground out 6-3 (Groundball, 6M)
Batting: RHB Craig Chapman 0-0: Foul Ball, location: 2F
0-1: Ball
1-1: Ball
2-1: SINGLE (Groundball, 6MD)
Pitching: RHP Irwin Conway
Batting: RHB José Esparza 0-0: Foul Ball, location: 2F
0-1: Foul Ball, location: 2F
0-2: Strikes out swinging
Top of the 8th over - 0 run(s), 1 hit(s), 0 error(s), 1 left on base; Manhatten 0 - Columbia 3
BOTTOM OF THE 8TH
Columbia 08s batting - Pitching for Manhatten Meatheads : LHP Donald Joseph
Pitching: LHP Vicente Zamora
Batting: RHB Carlos López 0-0: Ball
1-0: Called Strike
1-1: Called Strike
1-2: Ball
2-2: Ground out 5-3 (Groundball, 56)
Batting: RHB Casey Fox 0-0: Foul Ball, location: 2F
0-1: SOLO HOME RUN (Flyball, 7LD), Distance : 350 ft
Batting: RHB Chris Burrell 0-0: Ball
1-0: Fly out, F9 (Line Drive, 9M)
Batting: RHB Ben Barker 0-0: Called Strike
0-1: Called Strike
0-2: Strikes out swinging
Bottom of the 8th over - 1 run(s), 1 hit(s), 0 error(s), 0 left on base; Manhatten 0 - Columbia 4
TOP OF THE 9TH
Manhatten Meatheads batting - Pitching for Columbia 08s : RHP Irwin Conway
Batting: RHB Santiago Díaz 0-0: Called Strike
0-1: DOUBLE (Line Drive, 7LS)
Batting: SHB Cornell Payne 0-0: SINGLE (Groundball, 4MD) (infield hit)
Santiago Díaz to third
Pitching: RHP Bill Sampson
Batting: RHB Denver Baker 0-0: Ball
1-0: Ball
2-0: Ball
3-0: Called Strike
3-1: Foul Ball, location: 2F
3-2: Strikes out swinging
Cornell Payne steals 2nd base
Batter strikes out.
Batting: SHB José Sousa 0-0: Ball
1-0: Foul Ball, location: 2F
1-1: Ball
2-1: Ball
3-1: Base on Balls
Batting: RHB Claudio Gonzáles 0-0: Ball
1-0: Called Strike
1-1: Foul Ball, location: 2F
1-2: Foul Ball, location: 2F
1-2: Ball
2-2: Fly out, F8 (Flyball, 8RM)
Runner from 3rd tags up, SCORES, no throw
Pinch Hitting: SHB León Glaviz 0-0: Called Strike
0-1: Foul Ball, location: 2F
0-2: Ball
1-2: Foul Ball, location: 2F
1-2: Strikes out looking
Top of the 9th over - 1 run(s), 2 hit(s), 0 error(s), 2 left on base; Manhatten 1 - Columbia 4
Monday, December 5th, 2016 - OOTP Baseball 17.12 Build 75